 Dungeon Crawl Stone Soup version 0.31.0-32-g396128a36d (webtiles) character file.

Game seed: 10520558765606286992

3614 chippings the Fighter (level 9, -3/81 HPs)
             Began as a Purple Draconian Wanderer on Apr 1, 2024.
             Was an Initiate of Gozag.
             Slain by a skeletal warrior
             ... wielding a +0 flail
              (19 damage)
             ... on level 8 of the Dungeon.
             The game lasted 00:17:54 (8905 turns).

chippings the Fighter (Purple Draconian Wanderer)   Turns: 8905, Time: 00:17:54

Health: -3/81      AC: 16    Str: 15    XL:     9   Next: 86%
Magic:  0/9        EV: 11    Int: 17    God:    Gozag
Gold:   814        SH:  8    Dex: 10    Spells: 8/8 levels left

rFire   + + +        x - +0 flail (protect)
rCold   . . .        a - +3 buckler of the Wilderness {rPois rF+++ Str-3 Int-3}
rNeg    . . .        (body armour unavailable)
rPois   +            (helmet restricted)
rElec   .            (no cloak)
rCorr   +            g - +0 pair of gloves
SInv    .            o - +0 pair of boots
Will    +....        i - amulet of guardian spirit
Stlth   ++           h - ring of resist corrosion
HPRegen 0.33/turn    m - +6 ring of intelligence
MPRegen 0.11/turn

%: guardian spirit
@: mighty, short of breath, under a protective aura
A: breathe power, AC +7, unfitting armour, cold-blooded
a: Breathe Dispelling Energy, Renounce Religion, Potion Petition, Call Merchant,
Bribe Branch


You were on level 8 of the Dungeon.
You worshipped Gozag.
Gozag was pleased with you.
You visited 2 branches of the dungeon, and saw 9 of its levels.

You collected 1027 gold pieces.
You spent 156 gold pieces at shops.
You paid 57 gold pieces to Gozag.

Inventory:

Hand Weapons
 e - a +3 mace of venom
 x - a +0 flail of protection (weapon)
 C - a +3 flail of freezing
 F - a +4 whip of electrocution
Armour
 a - the +3 buckler of the Wilderness (worn) {rPois rF+++ Str-3 Int-3}
   (You acquired it on level 2 of the Dungeon)

   Str-3:     It affects your strength (-3).
   Int-3:     It affects your intelligence (-3).
   rF+++:     It renders you almost immune to fire.
   rPois:     It protects you from poison
 g - a +0 pair of gloves (worn)
 o - a +0 pair of boots (worn)
Magical Staves
 z - the staff "Qoca" {rF+ Stlth+ Hexes Earth}
   (You found it on level 4 of the Dungeon)

   [staff of earth]

   Base accuracy: +5 Base damage: 5 Base attack delay: 1.2 This weapon's minimum
   attack delay (0.6) is reached at skill level 12.
   rF+:       It protects you from fire.
   Stlth+:    It makes you more stealthy.
   Hexes:     It increases the power of your Hexes spells.
   Earth:     It increases the power of your Earth spells.
   It falls into the 'Staves' category.
   It is a one-handed weapon.
Jewellery
 h - a ring of resist corrosion (left hand)
 i - an amulet of guardian spirit (around neck)
 m - a +6 ring of intelligence (right hand)
 q - a +6 ring of intelligence
Wands
 c - a wand of polymorph (7) (quivered)
 p - a wand of charming (5)
Scrolls
 b - a scroll of immolation
 j - a scroll of enchant armour
 n - 3 scrolls of poison
 r - 2 scrolls of revelation
 s - 3 scrolls of teleportation
 u - 2 scrolls of amnesia
 y - a scroll of enchant weapon
 E - 2 scrolls of fog
Potions
 d - 3 potions of curing
 f - 4 potions of heal wounds {unknown}
 k - a potion of enlightenment
 t - a potion of lignification
 v - a potion of attraction
 w - 2 potions of mutation
 A - 3 potions of resistance
 B - a potion of cancellation
 D - a potion of might
 G - a potion of berserk rage {unknown}


   Skills:
 - Level 8.0 Fighting
 - Level 4.2(6.3) Axes
 - Level 7.4(8.0) Maces & Flails
 - Level 4.0 Stealth
 + Level 5.7 Shields
 - Level 8.0 Evocations


You had 8 spell levels left.
You didn't know any spells.
Your spell library contained the following spells:

 Spells                   Type           Power      Damage    Failure   Level
 Necrotise                Necr           0%         1d4       30%         1
 Vampiric Draining        Necr           0%         2d6       65%         3
 Martyr's Knell           Necr/Summ      0%         N/A       96%         4
 Curse of Agony           Necr           0%         N/A       100%        5
 Conjure Ball Lightning   Conj/Air       0%         3x3d6     100%        6
 Discord                  Hex            0%         N/A       100%        8
 Disjunction              Tloc           0%         N/A       100%        8


Dungeon Overview and Level Annotations

Branches:
Dungeon (8/15)             Temple (1/1) D:4
   Lair: D:8-11

Altars:
Ashenzari
Cheibriados
Dithmenos
Elyvilon
Fedhas
Gozag
Hepliaklqana
Kikubaaqudgha
Makhleb
Nemelex Xobeh
Okawaru
Qazlal
Ru
Sif Muna
Trog
Uskayaw
Vehumet
Wu Jian
Xom
Zin
The Shining One

Shops:
D:4 ?   D:5 *

Annotations:
D:8 3 runed translucent doors, Seamuus's ghost, novice HOFi


Innate Abilities, Weirdness & Mutations

You can breathe bolts of dispelling energy.
Your rich purple scales are hard. (AC +7)
You cannot fit into any form of body armour.
You are cold-blooded and may be slowed by cold attacks.


Message History

The skeletal warrior hits you but does no damage.
You hit the skeletal warrior.
The skeletal warrior is lightly damaged.
The skeletal warrior hits you with a +0 flail!
You sock the skeletal warrior!
The skeletal warrior is moderately damaged.
The skeletal warrior hits you with a +0 flail!! x2
You closely miss the skeletal warrior.
Your tail-slap misses the skeletal warrior.
The skeletal warrior is moderately damaged.
The skeletal warrior hits you with a +0 flail!
You closely miss the skeletal warrior.
The skeletal warrior is moderately damaged.
You block the skeletal warrior's attack.
You closely miss the skeletal warrior.
The skeletal warrior is moderately damaged.
You block the skeletal warrior's attack.
You sock the skeletal warrior!
The skeletal warrior is heavily damaged.
The skeletal warrior misses you.
You barely miss the skeletal warrior.
The skeletal warrior is heavily damaged.
The skeletal warrior hits you but does no damage.
You sock the skeletal warrior!
The skeletal warrior is severely damaged.
The skeletal warrior completely misses you.
You hit the skeletal warrior but do no damage.
The skeletal warrior is severely damaged.
The skeletal warrior hits you with a +0 flail!
* * * LOW HITPOINT WARNING * * *
You sock the skeletal warrior!
Your tail-slap misses the skeletal warrior.
The skeletal warrior is severely damaged.
The skeletal warrior hits you with a +0 flail.
* * * LOW HITPOINT WARNING * * *
You sock the skeletal warrior!
The skeletal warrior is almost destroyed.
The skeletal warrior hits you with a +0 flail!!
You die...
Your body crumbles into a pile of gold.

.....## #.♣..8..♣###.# #
#.....####.♣..)..♣.#..#
#.......#..♣♣....♣♣...#
#..##......♣......♣♣♣♣♣ #
#..###.....♣♣.........♣♣ #
#..####.....♣♣♣♣......P♣## ##
#..#...........♣♣♣.......## ##.
#........).......♣♣♣♣♣....#####..
..........))...z@...###..........
.....#####.<..............##....#
..<### #...#.............###....
...### ##..####...........# #....
.....###...# ##...........###....
..........####...#........##.....
..........###...###......###.....
...............## #......# #.....
................# #...#..# #.z...


You could see a skeletal warrior.

Vanquished Creatures
  A troll (D:6)
  A wyvern (D:8)
  2 unseen horror simulacra (D:8)
  A wraith (D:6)
  3 yaks (D:8)
  2 water moccasins
  2 sky beasts
  A black bear (D:5)
  2 ogres
  A spectral wyvern (D:8)
  A scorpion (D:4)
  3 bullfrogs (D:7)
  A gnoll sergeant (D:8)
  5 wights (D:7)
  7 killer bees (D:7)
  An electric eel (D:8)
  A bombardier beetle (D:6)
  5 orc priests
  A jelly (D:7)
  2 gnoll boudas (D:7)
  4 sleepcaps
  3 iguanas
  A spectral howler monkey (D:8)
  Robin (D:4)
  8 adders
  9 gnolls
  A shadow imp (D:5)
  2 ufetubi (D:6)
  2 dart slugs
  A ribbon worm (D:3)
  23 orcs
  6 ball pythons
  3 endoplasms
  A giant cockroach (D:3)
  17 goblins
  5 hobgoblins
  5 jackals
  3 quokkas
  6 bats
  5 frilled lizards
  3 kobolds
  9 rats
161 creatures vanquished.

Vanquished Creatures (collateral kills)
  2 gnolls (D:8)
2 creatures vanquished.

Grand Total: 163 creatures vanquished

Notes
Turn   | Place    | Note
-------+----------+-------------------------------------------
     0 | D:1      | chippings the Draconian Wanderer began the quest for the
                  | Orb.
     0 | D:1      | chippings set off with the following items: a +2 hand axe,
                  | a +0 mace, a wand of polymorph (7), a potion of curing.
     0 | D:1      | Reached XP level 1. HP: 19/19 MP: 1/1
    33 | D:1      | Reached XP level 2. HP: 17/26 MP: 2/2
   398 | D:1      | Reached XP level 3. HP: 28/33 MP: 3/3
   590 | D:2      | Identified a scroll of acquirement
   590 | D:2      | Acquired the +3 buckler of the Wilderness {rPois rF+++
                  | Str-3 Int-3}
  1549 | D:3      | Reached XP level 4. HP: 35/40 MP: 4/4
  1602 | D:3      | Reached skill level 1 in Shields
  2228 | D:4      | Noticed Robin
  2289 | D:4      | Noticed an ogre
  2299 | D:4      | Killed an ogre
  2300 | D:4      | Reached XP level 5. HP: 12/47 MP: 2/5
  2450 | D:4      | Found a staircase to the Ecumenical Temple.
  2460 | D:4      | Killed Robin
  2476 | D:4      | Reached XP level 6. HP: 40/53 MP: 4/6
  2496 | Temple   | Entered the Ecumenical Temple
  2506 | Temple   | Became a worshipper of Gozag Ym Sagoz the Greedy
  2539 | D:4      | Identified the staff "Qoca" {rF+ Stlth+ Hexes Earth}
  2912 | D:4      | Found The Oracle's Delphic Readings.
  2933 | D:4      | Bought a scroll of identify for 20 gold pieces
  2933 | D:4      | Bought a scroll of identify for 20 gold pieces
  2933 | D:4      | Bought a scroll of identify for 20 gold pieces
  2933 | D:4      | Bought a scroll of fog for 40 gold pieces
  2933 | D:4      | Bought a scroll of teleportation for 30 gold pieces
  3019 | D:5      | Entered Level 5 of the Dungeon
  3027 | D:5      | Reached skill level 5 in Fighting
  3070 | D:5      | Found a glowing silver altar of Zin.
  3252 | D:5      | Found Yppovvay's General Store.
  3266 | D:5      | Bought a scroll of identify for 26 gold pieces
  3662 | D:5      | Noticed a water moccasin
  3672 | D:5      | Killed a water moccasin
  3673 | D:5      | Your scales start taking on a rich purple colour.
  3673 | D:5      | Reached XP level 7. HP: 52/61 MP: 5/7
  3676 | D:5      | Found a shadowy altar of Dithmenos.
  3970 | D:5      | Reached skill level 1 in Stealth
  4173 | D:6      | Noticed a troll
  4174 | D:6      | Found a sparkling altar of Nemelex Xobeh.
  4219 | D:6      | Killed a troll
  4439 | D:6      | Found a blossoming altar of Fedhas.
  4439 | D:6      | Noticed a wraith
  4462 | D:6      | Killed a wraith
  4463 | D:6      | Reached skill level 5 in Evocations
  4463 | D:6      | Reached XP level 8. HP: 38/70 MP: 6/8
  4876 | D:6      | Reached skill level 5 in Maces & Flails
  5569 | D:7      | Found a stormy altar of Qazlal.
  5880 | D:7      | Found a burning altar of Makhleb.
  6203 | D:7      | Reached XP level 9. HP: 60/79 MP: 9/9
  7419 | D:8      | Identified the +1 falchion of Miets {heavy, Stlth+}
  7619 | D:8      | Found a hide-covered altar of Uskayaw.
  7622 | D:8      | Found a blossoming altar of Fedhas.
  7917 | D:8      | Reached skill level 5 in Shields
  8034 | D:8      | Found a bloodstained altar of Trog.
  8308 | D:8      | Noticed a skeletal warrior
  8417 | D:8      | Found a runed translucent gate.
  8417 | D:8      | Found a runed translucent gate.
  8418 | D:8      | Found a runed translucent gate.
  8418 | D:8      | Found an opulent altar of Gozag.
  8420 | D:8      | Noticed a two-headed ogre
  8420 | D:8      | Noticed Seamuus's ghost (novice HOFi)
  8858 | D:8      | Identified the +2 dagger "Soopluep" {pain, +Blink Int+4}
  8905 | D:8      | Slain by a skeletal warrior

Illustrated notes

Levels and vault maps discovered:
D:1:      heliophobic_arrival_henge, layout_rooms, bh_walls_and_bars
D:2:      layout_basic
D:3:      layout_basic, hangedman_abyss_or_decor_lesser_grid
D:4:      layout_rooms, minmay_temple_entry_slanted,
          chequers_serial_rivers_micro_c, nicolae_nh_oracle_at_delphi,
          uniq_robin
D:5:      layout_loops_cross, grunt_dithmenos_smoke_and_mirrors,
          nicolae_overflow_hidden_temple, serial_shops, shop
D:6:      layout_loops_cross, chequers_serial_rivers_marsh,
          hangedman_feature_mirror
D:7:      layout_basic, old_standard_altar, marbit_many_paths
D:8:      layout_layer_cave, old_standard_altar, nicolae_overflow_squiral,
          ebering_ghost_gozag, dilly_guarded_unrand_morg
Temple:   hellmonk_temple_forest_ring

Skill      XL: |  1  2  3  4  5  6  7  8  9 |
---------------+----------------------------+-----
Fighting       | 4 5 6 7 8 |  8.0
Evocations     | 2 3 4 5 6 8 |  8.0
Shields        | 2 3 4 5 |  5.7
Maces & Flails | 3 4 5 7 |  7.4
Stealth        | 2 4 |  4.0
Axes           | |  4.2

Action                     |  1- 3 |  4- 6 |  7- 9 || total
---------------------------+-------+-------+-------++-------
  Melee: Hand axe          |    27 |       |       ||    27
         Tailslap          |    13 |    19 |    57 ||    89
         Mace              |    95 |   127 |   261 ||   483
         Whip              |       |       |    51 ||    51
         Flail             |       |       |    34 ||    34
Ability: Breathe Dispellin |       |       |     8 ||     8
  Evoke: Wand              |       |       |     1 ||     1
    Use: Scroll            |     3 |    11 |     4 ||    18
         Potion            |       |       |     6 ||     6
   Stab: Sleeping          |     2 |     1 |     6 ||     9
         Distracted        |       |       |     1 ||     1
 Armour: Skin              |    86 |    75 |   241 ||   402
  Dodge: Dodged            |    73 |    56 |   168 ||   297
  Block: Buckler           |    12 |    44 |   132 ||   188
